Map: Simulacrum LE

Players

Szczech

  • Race: Zerg Zerg
  • League: Platinum
  • Spawn Location: 11:00

ViBE - Winner!

  • Race: Zerg Zerg
  • League: Gold
  • Spawn Location: 5:00

VOD

Have the link to the VOD?

Description

Time

  • Played on: Dec. 8, 2019, 5:32 p.m.
  • Length: 11:51
Show
View Real Time Build Order
Export as new Build Order

Szczech Zerg 

Build Orders: Pool First 

Get SALT Encoding   

  12  0:02  Drone  
  13  0:13  Overlord  
  13  0:18  Drone  
  14  0:32  Drone x2  
  16  0:38  Drone  
  17  0:49  Drone  
  18  0:50  Spawning Pool  
  17  0:58  Drone  
  18  1:14  Hatchery  
  18  1:17  Drone  
  18  1:20  Extractor  
  18  1:22  Drone  
  18  1:28  Drone, Extractor  
  18  1:42  Roach Warren  
  18  1:43  Drone  
  18  1:55  Drone  
  18  1:56  Evolution Chamber  
  18  2:01  Queen  
  18  2:07  Drone  
  21  2:24  Drone  
  21  2:25  Overlord  
  22  2:41  Lair  
  22  2:44  Zerg Missile Weapons Level 1  
  22  2:49  Roach  
  24  2:53  Roach  
  24  2:55  Drone  
  27  3:00  Drone  
  28  3:13  Queen  
  28  3:18  Roach  
  32  3:23  Roach  
  34  3:28  Roach  
  36  3:39  Glial Reconstitution  
  36  3:58  Overlord  
  36  4:18  Queen  
  36  4:20  Roach x3  
  44  4:29  Overlord  
  44  4:38  Zerg Ground Armor Level 1  
  44  4:50  Roach  
  44  4:51  Roach x3  
  52  4:54  Overlord  
  50  5:21  Ravager x2  
  49  5:22  Ravager x2  
  49  5:23  Zergling x2, Roach  
  49  5:24  Roach  
  49  5:25  Drone x2  
  49  5:26  Drone  
  49  6:06  Roach  
  49  6:07  Roach x4  
  49  6:09  Ravager  
  49  6:11  Overlord  
  60  6:33  Overlord x2  
  60  6:35  Drone x5  
  65  6:42  Ravager  
  66  6:48  Drone x2  
  68  6:55  Zerg Missile Weapons Level 2  
  68  7:06  Overseer  
  68  7:11  Drone x6  
  68  7:13  Extractor  
  73  7:16  Extractor  
  73  7:21  Tunneling Claws  
  72  7:25  Hatchery, Burrow  
  71  7:38  Drone x5  
  74  7:54  Drone  
  74  7:55  Drone x6  
  81  8:17  Drone  
  81  8:18  Drone x2  
  84  8:37  Hatchery  
  84  8:39  Drone x6  
  89  8:49  Roach x3  
  89  8:54  Roach x2  
  89  8:55  Roach  
  89  9:01  Overlord x2  
  89  9:08  Zergling x2  
  90  9:11  Zerg Ground Armor Level 2  
  90  9:15  Queen  
  86  9:38  Roach x3  
  86  9:40  Roach x5  
  86  9:41  Roach, Overlord x3  
  86  9:42  Extractor  
  86  9:44  Extractor  
  96  9:49  Hydralisk Den  
  95  9:56  Infestation Pit  
  73  10:31  Roach x4, Hydralisk x6  
  73  10:32  Roach x4  
  73  10:35  Roach x6  
  101  10:40  Hydralisk x3  
  101  10:41  Roach x2  
  109  11:01  Pneumatized Carapace  
  109  11:03  Overlord x3  
  97  11:16  Lurker Den  
  96  11:21  Overlord x3  
Show
View Real Time Build Order
Export as new Build Order

ViBE Zerg - Winner!

Build Orders: Hatch First, Roach Hydra 

Get SALT Encoding   

  12  0:01  Drone  
  13  0:13  Overlord  
  13  0:17  Drone  
  14  0:31  Drone x2  
  16  0:50  Hatchery  
  16  0:53  Drone  
  16  0:56  Drone  
  17  1:00  Drone  
  18  1:15  Spawning Pool  
  18  1:17  Drone  
  18  1:22  Drone  
  19  1:30  Drone  
  20  1:33  Extractor  
  19  1:46  Overlord  
  19  2:00  Drone  
  20  2:02  Queen x2  
  20  2:04  Overlord  
  24  2:14  Drone  
  24  2:15  Drone x2  
  27  2:23  Spine Crawler  
  27  2:25  Drone  
  27  2:26  Drone  
  28  2:37  Overlord  
  28  2:43  Drone  
  29  2:47  Lair  
  29  2:50  Queen  
  31  2:55  Drone  
  31  2:56  Drone  
  33  3:07  Drone x3  
  36  3:16  Drone x5  
  41  3:25  Overlord  
  41  3:33  Roach Warren  
  40  3:35  Drone x3, Evolution Chamber  
  40  3:39  Extractor  
  40  3:41  Drone, Extractor  
  40  3:42  Drone  
  40  3:45  Drone  
  40  3:46  Drone  
  40  3:47  Drone  
  45  3:49  Drone  
  45  3:50  Drone  
  45  3:52  Drone  
  48  3:56  Drone x2  
  50  4:10  Zerg Missile Weapons Level 1  
  50  4:12  Glial Reconstitution  
  50  4:13  Roach  
  50  4:14  Roach x2  
  56  4:20  Roach x2  
  56  4:22  Overlord  
  60  4:37  Overlord x2  
  60  4:41  Roach x2  
  60  4:43  Hatchery, Roach  
  60  4:45  Roach  
  67  5:01  Overlord x2  
  67  5:14  Drone x6  
  73  5:29  Roach x4  
  73  5:30  Roach x2  
  85  5:40  Roach  
  85  5:41  Roach  
  89  5:52  Roach x2  
  85  5:59  Roach x7  
  95  6:26  Drone x3, Overlord x6  
  95  6:28  Overlord  
  98  6:35  Overlord x2  
  98  6:36  Zerg Missile Weapons Level 2  
  100  6:47  Roach x5  
  100  6:52  Roach  
  100  6:53  Roach x2  
  114  6:55  Hatchery  
  113  7:11  Hydralisk Den  
  113  7:12  Drone x2  
  113  7:13  Drone, Extractor, Evolution Chamber  
  113  7:14  Drone x3  
  116  7:20  Drone x4  
  116  7:21  Drone x6  
  126  7:25  Extractor  
  126  7:26  Extractor  
  126  7:29  Overseer  
  124  7:31  Overlord  
  124  7:32  Overlord  
  124  7:48  Drone  
  124  7:49  Drone x11  
  136  8:02  Overlord  
  136  8:03  Overlord x3  
  136  8:05  Grooved Spines  
  136  8:06  Zerg Ground Armor Level 1  
  136  8:08  Drone  
  136  8:09  Infestation Pit  
  137  8:27  Drone x7  
  137  8:28  Drone  
  137  8:29  Hydralisk x4  
  152  8:44  Hydralisk x9  
  170  8:49  Hydralisk x3  
  170  8:51  Hydralisk  
  170  8:54  Hatchery  
  177  9:09  Hydralisk x9  
  193  9:16  Overseer, Muscular Augments  
  186  9:27  Drone x11  
  196  9:39  Spore Crawler  
  196  9:42  Spine Crawler x2  
  196  9:43  Spine Crawler  
  192  9:46  Spine Crawler  
  192  9:47  Spine Crawler  
  192  9:48  Spine Crawler  
  192  9:49  Spore Crawler  
  187  9:59  Spore Crawler  
  177  10:00  Spine Crawler  
  177  10:01  Spine Crawler  
  177  10:02  Spine Crawler  
  177  10:05  Spore Crawler  
  177  10:06  Spine Crawler x2  
  162  10:08  Spine Crawler  
  162  10:11  Drone x13  
  172  10:24  Drone  
  172  10:25  Drone x4  
  178  10:35  Drone x3  
  178  10:36  Drone  
  181  10:43  Spore Crawler  
  181  10:44  Spine Crawler  
  181  10:45  Spine Crawler  
  181  10:46  Spine Crawler  
  181  10:48  Drone x3  
  181  10:49  Drone, Extractor  
  180  10:50  Drone, Extractor  
  180  10:55  Drone x3  
  182  11:00  Drone x4  
  184  11:07  Spine Crawler  
  183  11:28  Drone x5  
  183  11:29  Drone  
  183  11:30  Hatchery  
  176  11:34  Drone x7  
  176  11:35  Drone  
Tags
 
Add a new tag
Caveats
  • Supply blocks, unpowered buildings, or Contaminate may cause inaccurate times.
  • Supply counts are checked every 10 seconds.